 Dungeon Crawl Stone Soup version 0.31-a0-675-g238779eb0a (webtiles) character file.

Game seed: 11465526838965031381

71 qw the Shooter (level 4, 0/28 HPs)
             Began as a Gargoyle Hunter on Sept 5, 2023.
             Killed by divine providence
             ... invoked by an orc priest
              (13 damage)
             ... on level 3 of the Dungeon.
             The game lasted 00:00:36 (1397 turns).

qw the Shooter (Gargoyle Hunter)                    Turns: 1397, Time: 00:00:37

Health: 0/28       AC:  6    Str: 14    XL:     4   Next: 24%
Magic:  4/4        EV: 11    Int: 10    God:
Gold:   76         SH:  0    Dex: 15    Spells: 3/3 levels left

rFire   . . .        Y - +0 shortbow (drain)
rCold   . . .        (shield currently unavailable)
rNeg    + . .        c - +0 leather armour
rPois   inf          (no helmet)
rElec   +            (no cloak)
rCorr   .            (no gloves)
SInv    .            (no boots)
Will    .....        e - amulet of regeneration
Stlth   ++           (no ring)
HPRegen 1.04/turn    (no ring)
MPRegen 0.09/turn

%: no passive effects
@: no status effects
A: sickness immunity, AC +3, negative energy resistance 1, electricity
resistance, torment resistance 1, petrification resistance
a: no special abilities


You were on level 3 of the Dungeon.
You visited 1 branch of the dungeon, and saw 3 of its levels.

You collected 76 gold pieces.


Innate Abilities, Weirdness & Mutations

You are immune to sickness and miasma.
Your stone body is resilient. (AC +3)
You are immune to poison.
You resist negative energy. (rN+)
You are resistant to electric shocks. (rElec)
You are resistant to unholy torment.
You are immune to petrification.


   Skills:
 - Level 3.0 Fighting
 + Level 5.2 Ranged Weapons
 - Level 1.5 Dodging
 - Level 1.1 Stealth


You had 3 spell levels left.
You didn't know any spells.
Your spell library was empty.

Inventory:

Hand Weapons
 Y - a +0 shortbow of draining (weapon)
Armour
 c - a +0 leather armour (worn)
 d - a +0 ring mail
 g - a +0 helmet
Jewellery
 e - an amulet of regeneration (around neck)
Scrolls
 b - a scroll of identify
 f - a scroll of enchant armour
Potions
 a - 2 potions of curing

Dungeon Overview and Level Annotations

Branches:
Dungeon (3/15)

Altars:

Shops:
D:2 :


Message History

You shoot an arrow.
The arrow completely misses the ball python.
An orc comes into view. It is wielding a +0 short sword.
You shoot an arrow. The arrow barely misses the bat.
The orc shouts!
The bat barely misses you. x2
You shoot an arrow. The arrow closely misses the bat.
The bat barely misses you.
A bat comes into view.
An orc comes into view. It is wielding a +0 short sword.
You shoot an arrow. The arrow hits the ball python.
You drain the ball python.
You kill the ball python!
The bat barely misses you.
The orc priest mumbles some strange prayers to Beogh against you.
Beogh smites you!
An orc comes into view. It is wielding a +0 hand axe.
Enter note:
1392 |||
Found retreat position at 0,1 (floor) with 0 blocking monsters and 1 monsters attacking at destination at distance 1
Enter note:
1392 |||
Found retreat position at 0,1 (floor) with 0 blocking monsters and 1 monsters attacking at destination at distance 1
1392 ||| RETREATING.
Enter note: You shoot an arrow.
The arrow hits the bat.
You drain the bat.
You kill the bat!
The bat barely misses you.
The orc priest mumbles some strange prayers to Beogh against you.
Beogh smites you!
You shoot an arrow. The arrow misses the bat.
The arrow barely misses the orc.
The bat hits you but does no damage. The bat barely misses you.
You shoot an arrow. The arrow hits the bat!
You kill the bat!
You shoot an arrow. The arrow barely misses the orc.
The arrow closely misses the orc priest.
The orc hits you but does no damage.
You shoot an arrow. The arrow hits the orc.
The orc is moderately wounded.
The orc barely misses you.
The orc priest invokes the aid of Beogh against you.
Beogh smites you!
You die...

.... ##...)...... ..#
...)...<... .#
#.......... ##
#...?...... # #.
#.......... ####...
.$..#[......... .....#
#..>..oo.......
##########.#.# #o#
..........%#.# #@#
..########.#.# #.# ..#
#.#.# #.#
..########.#.###.####.#
...........#..........#
..###.####.......######
..# #.# #.#######
..###.####.#
.).........#


You could see an orc priest and 2 orcs.

Vanquished Creatures
  An adder (D:2)
  2 worms (D:2)
  An orc (D:3)
  5 ball pythons
  5 endoplasms
  5 giant cockroaches
  4 goblins
  3 hobgoblins
  2 jackals (D:1)
  5 kobolds
  4 quokkas
  6 bats
  A frilled lizard (D:1)
  3 rats
47 creatures vanquished.

Notes
Turn   | Place    | Note
-------+----------+-------------------------------------------
     0 | D:1      | qw the Gargoyle Hunter began the quest for the Orb.
     0 | D:1      | Reached XP level 1. HP: 12/12 MP: 1/1
     0 | D:1      | 0 ||| qw: Version: 0.3-a-75-g829b12e
     0 | D:1      | 0 ||| qw: Game counter: 202
     0 | D:1      | 0 ||| qw: Melee chars always use a shield: true
     0 | D:1      | 0 ||| qw: God list: Okawaru
     0 | D:1      | 0 ||| qw: Allow faded altars: false
     0 | D:1      | 0 ||| qw: Do Orc after clearing Dungeon:15 true
     0 | D:1      | 0 ||| qw: Do second Lair branch before Depths: true
     0 | D:1      | 0 ||| qw: Lair rune preference: random
     0 | D:1      | 0 ||| qw: Goals: Normal
     0 | D:1      | 0 ||| PLANNING D:1-11
    41 | D:1      | Reached XP level 2. HP: 17/17 MP: 2/2
   279 | D:1      | Reached XP level 3. HP: 9/21 MP: 3/3
   386 | D:1      | Reached skill level 5 in Ranged Weapons
   454 | D:1      | 454 ||| READING scroll labelled HOKOGI LOISEB.
   455 | D:1      | 455 ||| READING scroll labelled POURCHI ODIE.
   456 | D:1      | 456 ||| READING scroll labelled JAQITA JUAHIQ.
   457 | D:1      | 457 ||| DROPPING scroll of butterflies.
   641 | D:2      | Found Jekoabb's Book Shoppe.
   765 | D:2      | Reached skill level 3 in Fighting
   877 | D:2      | Found a faded altar of an unknown god.
   889 | D:2      | 889 ||| UPGRADING to amulet of regeneration.
   982 | D:2      | Reached XP level 4. HP: 28/28 MP: 4/4
  1131 | D:2      | 1131 ||| READING 2 scrolls labelled ZOQOWN ZISYTRA.
  1132 | D:2      | 1132 ||| READING scroll labelled RUCIPSESSE.
  1135 | D:2      | 1135 ||| DRINKING 3 coppery potions.
  1136 | D:2      | 1136 ||| DRINKING 2 fizzy pink potions.
  1241 | D:2      | 1241 ||| DROPPING potion of berserk rage.
  1392 | D:3      | 1392 ||| RETREATING.
  1397 | D:3      | Killed from afar by an orc priest

Levels and vault maps discovered:
D:1:      dpeg_arrival_rooms_a, layout_basic, serial_park_tiny_1,
          corexii_corridor_pit, nicolae_titane
D:2:      layout_loops_cross, dreamdust_ecumenical_altar_hidden_monk_grotto,
          serial_shops, shop, corexii_item_surrounded_by_moat,
          lightli_corner_chamber
D:3:      layout_loops_ring, minmay_distorted, uniq_crazy_yiuf_cottage

Skill      XL: |  1  2  3 |
---------------+----------+-----
Ranged Weapons | 5 |  5.2
Fighting       | 3 |  3.0
Dodging        | |  1.5
Stealth        | |  1.1

Action                     |  1- 3 |  4- 6 || total
---------------------------+-------+-------++-------
   Fire: Shortbow          |   101 |    22 ||   123
    Use: Scroll            |     3 |     2 ||     5
         Potion            |       |     2 ||     2
 Armour: Leather armour    |    29 |     3 ||    32
  Dodge: Dodged            |    35 |     8 ||    43

Table legend:
 A = Non-vault XP
 B = Vault XP
 C = Vault XP percentage of total XP
 D = Non-vault monster count
 E = Vault monster count
 F = Vault count percentage of total count
                 A         B        C        D         E       F
            +---------+---------+-------+---------+---------+-------
      Total |     100 |       2 |   2.0 |      45 |       2 |   4.3
            +---------+---------+-------+---------+---------+-------
        D:1 |      43 |       0 |   0.0 |      25 |       0 |   0.0
        D:2 |      40 |       0 |   0.0 |      11 |       0 |   0.0
        D:3 |      17 |       2 |  10.5 |       9 |       2 |  18.2
            +---------+---------+-------+---------+---------+-------
